AoeStats
← Andrew

Arabia

509930129Analyzed
1v1 RM · 2d ago on Sep 28, 2026· 24m 17s· 2 players
Game mode
Random Map
Map size
Tiny (2 player)
Population
200
Speed
Normal
Resources
Standard
Victory
Conquest
Starting age
Dark Age
Ending age
Imperial Age
RankedLock teamsTeams togetherTeam positionsShared explorationLock speedFull tech treeHidden civsTurbo modeCheats
Victory
Defeat
🇨🇱 Lithuanians · Chile
585
+15
🇻🇪 Teutons · Venezuela
557
-15
Andrew
0:39 Loom
14:35 Feudal Age
16:13 Wheelbarrow
16:53 Double-Bit Axe
16:50 Horse Collar
18:14 Man-at-Arms
IskiSick
10:29 Feudal Age
12:32 Double-Bit Axe
12:29 Horse Collar
16:57 Forging
16:41 Fletching
16:51 Padded Archer Armor
16:59 Loom
20:32 Padded Archer Armor
21:56 Wheelbarrow
22:07 Bloodlines
26:41 Castle Age
Connection lost

Rejoining the realm…

Still unreachable

The connection could not be restored.

Session expired

The server has moved on; the page needs a fresh start.